 Dungeon Crawl Stone Soup version 0.21.1-1-g345015f (webtiles) character file.

69 inc the Conjurer (level 4, 18/18 HPs)
             Began as a Felid Wizard on Feb 22, 2018.
             Was an Initiate of Kikubaaqudgha.
             Quit the game on level 5 of the Dungeon.
             The game lasted 00:09:31 (2891 turns).

inc the Conjurer (Felid Wizard)                     Turns: 2891, Time: 00:09:32

Health: 18/18      AC:  1    Str:  3    XL:     4   Next: 2%
Magic:  9/9        EV: 17    Int: 21    God:    Kikubaaqudgha [......]
Gold:   151        SH:  0    Dex: 14    Spells: 3/9 levels left
                                        Lives:  0   Deaths: 1

rFire    . . .     SeeInvis +   (weapon unavailable)
rCold    + . .     Gourm    .   (shield unavailable)
rNeg     . . .     Faith    .   (armour unavailable)
rPois    .         Spirit   .   (helmet unavailable)
rElec    .         Reflect  .   (cloak unavailable)
rCorr    .         Harm     .   (gloves unavailable)
MR       .....                  (boots unavailable)
Stlth    +++.......             (no amulet)
HPRegen  0.06/turn              i - ring of protection from cold
MPRegen  0.11/turn              (no ring)

@: quick
A: very small, no armour, no weapons or thrown items, stealth, claws 1, fangs 3,
see invisible, carnivore, speed 1, shaggy fur 1, slow metabolism 1, sharp paws
a: Renounce Religion


You were on level 5 of the Dungeon.
You worshipped Kikubaaqudgha.
Kikubaaqudgha was noncommittal.
You were not hungry.

You visited 1 branch of the dungeon, and saw 5 of its levels.

You collected 151 gold pieces.

Inventory:

Jewellery
 i - a ring of protection from cold (left paw)
 k - an uncursed ring of wizardry {unknown}
Wands
 l - a wand of random effects (19)
 p - a wand of scattershot (8)
Scrolls
 e - 2 scrolls of immolation {unknown}
 f - 2 scrolls of identify
 g - a scroll of remove curse {unknown}
 h - a scroll of amnesia {unknown}
 j - a scroll of teleportation {unknown}
 n - 2 scrolls of enchant armour {unknown}
 o - a scroll of noise {unknown}
 q - a scroll of magic mapping {unknown}
Potions
 c - a potion of magic
 d - a potion of curing
 m - a potion of might {unknown}
Books
 a - a book of Minor Magic

   Spells                             Type                      Level
   a - Magic Dart                     Conjuration                  1
   b - Blink                          Translocation                2
   c - Call Imp                       Summoning                    2
   d - Slow                           Hexes                        2
   e - Conjure Flame                  Conjuration/Fire             3
   f - Mephitic Cloud                 Conjuration/Poison/Air       3
Comestibles
 b - 7 rations


   Skills:
 - Level 2.6 Dodging
 - Level 2.6 Stealth
 - Level 3.0 Spellcasting
 + Level 3.2 Conjurations
 - Level 1.1 Summonings
   Level 1.5 Translocations
 + Level 1.8 Air Magic
 + Level 1.7 Poison Magic


You had 3 spell levels left.
You knew the following spells:

 Your Spells              Type           Power        Failure   Level  Hunger
a - Magic Dart            Conj           ###.         3%          1    None
b - Call Imp              Summ           #.......     13%         2    ##.....
c - Mephitic Cloud        Conj/Pois/Air  ##......     16%         3    ###....


Dungeon Overview and Level Annotations

Branches:
Dungeon (5/15)             Temple (0/1) D:4

Altars:
Kikubaaqudgha
Xom

Shops:
D:4 *

Annotations:
D:4 Purgy


Innate Abilities, Weirdness & Mutations

You cannot wear armour.
You are incapable of wielding weapons or throwing items.
Your paws allow you to move quietly. (Stealth)
You have sharp claws.
You have razor-sharp teeth.
You have supernaturally acute eyesight. (SInv)
You are carnivorous and can eat meat at any time.
You cover ground quickly.
You are covered in fur. (AC +1)
You have a slow metabolism.
Your sharp claws are effective at attacking unaware monsters.


Message History

Found 22 bolts, a silver wand and a transparent leather armour.
Found a stone staircase leading up.
Found a bubbling ruby potion.
The dart slug launches a dart at you. The slug dart misses you.
A dart slug comes into view.
The dart slug launches a dart at you. The slug dart hits you!
* * * LOW HITPOINT WARNING * * *
A crimson imp comes into view.
The dart slug launches a dart at you. The slug dart hits you!
* * * LOW HITPOINT WARNING * * *
A dart slug comes into view.
The dart slug launches a dart at you. The slug dart hits you!
You die...
You are now level 4!
You rejoin the land of the living...
Are you sure you want to abandon this character and quit the game? (Confirm with "yes".)

#.#.. #..#≈≈≈≈w≈≈.
#.#.# #.##≈≈≈≈≈≈≈#
#####.#.###..
#.###≈##≈≈≈≈
#...........#
#.....≈#≈≈≈.
##......#####
#.##.#≈≈≈≈#.
####...###
##.#####≈w≈≈≈
#.....#######..#
##.≈≈≈
#.............#####
.##≈≈
#.....#.@...<[....#
#######........##...
#........####.
#............
#......(.####
#........#
#........#
#........#
#........#


There were no monsters in sight!

Vanquished Creatures
  A bullfrog skeleton (D:5)
  An adder (D:2)
  A gnoll (D:3)
  A shadow imp (D:1)
  An ooze (D:4)
  A dart slug (D:2)
  2 leopard geckos
  An orc (D:3)
  8 bats
  3 giant cockroaches
  5 goblins
  7 hobgoblins
  2 quokkas (D:3)
  4 frilled lizards
  A jackal skeleton (D:4)
  2 kobolds (D:2)
  6 rats
47 creatures vanquished.

Vanquished Creatures (collateral kills)
  An iguana (D:4)
  Ijyb (D:4)
  2 worms (D:2)
4 creatures vanquished.

Grand Total: 51 creatures vanquished

Notes
Turn   | Place    | Note
-------+----------+-------------------------------------------
     0 | D:1      | inc the Felid Wizard began the quest for the Orb.
     0 | D:1      | Reached XP level 1. HP: 7/7 MP: 5/5
    11 | D:1      | Reached skill level 1 in Conjurations
   254 | D:1      | Reached XP level 2. HP: 11/11 MP: 7/7
   920 | D:2      | Learned a level 2 spell: Call Imp
  1001 | D:2      | Reached XP level 3. HP: 14/14 MP: 0/8
  1263 | D:1      | Learned a level 3 spell: Mephitic Cloud
  1270 | D:2      | Found a shimmering altar of Xom.
  1505 | D:2      | Found an ancient bone altar of Kikubaaqudgha.
  1633 | D:2      | Reached skill level 1 in Air Magic
  1633 | D:2      | Reached skill level 1 in Poison Magic
  1689 | D:2      | Became a worshipper of Kikubaaqudgha
  2021 | D:3      | Reached XP level 4. HP: 18/18 MP: 4/9
  2267 | D:4      | Found a staircase to the Ecumenical Temple.
  2473 | D:4      | Found Jolyhyby's General Store.
  2486 | D:4      | Noticed Ijyb
  2509 | D:4      | Killed Ijyb
  2751 | D:4      | Noticed Purgy
  2824 | D:5      | Entered Level 5 of the Dungeon
  2879 | D:5      | Reached XP level 5. HP: 5/21 MP: 0/10
  2889 | D:5      | HP: 1/21 [dart slug/slug dart (2)]
  2890 | D:5      | Killed from afar by a dart slug
  2891 | D:5      | Reached XP level 4. HP: -6/18 MP: 2/9
  2891 | D:5      | Quit the game

Skill      XL: |  1  2  3  4 |
---------------+-------------+-----
Conjurations   | 1 2 3 |  3.2
Air Magic      | 1 |  1.8
Poison Magic   | 1 |  1.7
Dodging        | |  2.6
Stealth        | |  2.6
Spellcasting   | |  3.0
Summonings     | |  1.1
Translocations | |  1.5

Action                   |  1- 3 |  4- 6 || total
-------------------------+-------+-------++-------
Melee: Unarmed           |    41 |    14 ||    55
       Bite              |     3 |     2 ||     5
 Cast: Magic Dart        |    81 |    35 ||   116
       Call Imp          |    10 |     6 ||    16
  Use: Scroll            |       |     2 ||     2
       Potion            |       |     1 ||     1
 Stab: Sleeping          |     6 |       ||     6
  Eat: Chunk             |     8 |     1 ||     9
Armor: Skin              |     4 |       ||     4
Dodge: Dodged            |    52 |    20 ||    72
